 Dungeon Crawl Stone Soup version 0.28.0 (webtiles) character file.

Game seed: 12782970693623992095

457 Sharkman1231 the Destroyer (level 7, -1/36 HPs)
             Began as a Tengu Conjurer on Feb 8, 2022.
             Was an Initiate of Makhleb.
             Slain by a hornet zombie (10 damage)
             ... on level 5 of the Dungeon.
             The game lasted 00:05:42 (5179 turns).

Sharkman1231 the Destroyer (Tengu Conjurer)         Turns: 5179, Time: 00:05:43

Health: -1/36      AC:  4    Str:  7    XL:     7   Next: 6%
Magic:  3/12       EV: 14    Int: 21    God:    Makhleb [......]
Gold:   131        SH:  0    Dex: 12    Spells: 5/12 levels left

rFire   + . .      SeeInvis .   a - +1 whip (elec)
rCold   + . .      Faith    .   (no shield)
rNeg    . . .      Spirit   .   l - +0 leather armour
rPois   +          Reflect  .   (helmet restricted)
rElec   +          Harm     .   k - +0 cloak
rCorr   +          Rampage  .   (no gloves)
Will    .....                   (boots unavailable)
Stlth   ++........              i - amulet of magic regeneration
HPRegen 0.12/turn               (no ring)
MPRegen 0.53/turn               (no ring)

@: resistant, flying quickly and evasively, very slightly contaminated, quick
A: beak, talons 3, nimble flight
a: Renounce Religion


You were on level 5 of the Dungeon.
You worshipped Makhleb.
Makhleb was noncommittal.
You visited 2 branches of the dungeon, and saw 6 of its levels.

You collected 131 gold pieces.

Inventory:

Hand Weapons
 a - a +1 whip of electrocution (weapon)
 c - a +2 short sword of holy wrath
Armour
 k - a +0 cloak (worn)
 l - a +0 leather armour (worn)
Jewellery
 i - an amulet of magic regeneration (around neck)
 r - a ring of resist corrosion
Scrolls
 d - 3 scrolls of teleportation {unknown}
 e - a scroll of enchant weapon {unknown}
 f - a scroll of vulnerability {unknown}
 g - a scroll of immolation {unknown}
 h - a scroll of amnesia {unknown}
 j - a scroll of fear {unknown}
 m - a scroll of identify {unknown}
 o - a scroll of holy word {unknown}
 p - a scroll of silence {unknown}
 s - a scroll of magic mapping {unknown}
Potions
 b - a potion of curing {unknown}
 n - a potion of might {unknown}
 q - a potion of resistance
 t - a potion of brilliance {unknown}


   Skills:
 + Level 1.4 Maces & Flails
 + Level 3.2 Dodging
 - Level 2.0 Stealth
 + Level 3.2 Spellcasting
 * Level 9.0 Conjurations
 + Level 1.1 Hexes


You had 5 spell levels left.
You knew the following spells:

 Your Spells              Type           Power      Damage    Failure   Level
a - Magic Dart            Conj           100%       1d8       1%          1
b - Searing Ray           Conj           82%        2d7       1%          2
c - Fulminant Prism       Conj/Hex       12%        3d9       24%         4

Your spell library contained the following spells:

 Spells                   Type           Power      Damage    Failure   Level
 Dazzling Flash           Conj/Hex       48%        N/A       8%          3
 Iskenderun's Mystic Bla  Conj/Tloc      22%        2d6       30%         4
 Gell's Gravitas          Tloc           3%         N/A       52%         3
 Teleport Other           Tloc           3%         N/A       52%         3
 Dispersal                Tloc           1%         N/A       100%        6


Dungeon Overview and Level Annotations

Branches:
Dungeon (5/15)             Temple (1/1) D:5

Altars:
Ashenzari
Cheibriados
Dithmenos
Elyvilon
Fedhas
Gozag
Hepliaklqana
Kikubaaqudgha
Makhleb
Okawaru
Qazlal
Ru
Sif Muna
Trog
Uskayaw
Vehumet
Xom
Yredelemnul
Zin
The Shining One

Shops:
D:5 *[:

Annotations:
D:4 exclusion: hobgoblin, Eustachio


Innate Abilities, Weirdness & Mutations

You have a beak for a mouth.
You have claws for feet.
Your magical nature lets you fly swiftly and evasively.


Message History

Aim: a hornet zombie (moderately damaged, 84% to hit)
Okay, then.
Casting: Searing Ray (safe; 1% risk of failure)
Confirm with . or Enter, or press ? or * to list all spells.
The spell is extremely dangerous to miscast (24% risk of failure)!
Continue anyway?
Aiming: Fulminant Prism (extremely dangerous; 24% risk of failure)
Press: ? - help, Dir - move target, p - hornet zombie You miscast Fulminant Prism.
You are very lightly contaminated with residual magic.
Nothing appears to happen.
The hornet zombie barely misses you. The hornet zombie closely misses you.
Okay, then.
Casting: Fulminant Prism (extremely dangerous; 24% risk of failure)
Confirm with . or Enter, or press ? or * to list all spells.
Aiming: Searing Ray (safe; 1% risk of failure)
Press: ? - help, Shift-Dir - straight line The searing ray misses the hornet zombie. (Press . to maintain the ray.)
The hornet zombie hits you.
Unknown command.
The searing ray hits the hornet zombie.
The hornet zombie is heavily damaged.
The hornet zombie barely misses you.
The searing ray hits the hornet zombie.
The hornet zombie is heavily damaged.
The hornet zombie barely misses you.
Unknown command.
The searing ray hits the hornet zombie.
The hornet zombie is severely damaged.
You finish channelling your searing ray.
The hornet zombie hits you! The hornet zombie hits you.
* * * LOW HITPOINT WARNING * * *
The hornet zombie completely misses you.
Unknown command.
The hornet zombie completely misses you.
Unknown command.
It was a potion of resistance.
You feel protected. The hornet zombie hits you!
You die...

############
#..........#######
#...Z@........#
#..###########.#####
#.... ..... #.....#
#.#Z. #######
#...#.## # #.. ...
#......## ... ###
#.#....<..# .##.
#∩#.#.#......## . #.
#.[.#.#......# ###
#.#..###.###


You could see a hornet zombie.

Vanquished Creatures
  A scorpion (D:5)
  A water moccasin skeleton (D:4)
  2 hounds
  A jelly (D:5)
  An iguana (D:4)
  An orc wizard (D:3)
  4 adders
  6 gnolls
  An ufetubus (D:4)
  2 worms
  3 dart slugs
  6 orcs
  9 ball pythons
  3 bats
  4 endoplasms
  2 giant cockroaches
  12 hobgoblins
  7 jackals
  11 quokkas
  2 frilled lizards
  6 goblins
  12 kobolds
  3 rats
100 creatures vanquished.

Notes
Turn   | Place    | Note
-------+----------+-------------------------------------------
     0 | D:1      | Sharkman1231 the Tengu Conjurer began the quest for the
                  | Orb.
     0 | D:1      | Reached XP level 1. HP: 10/10 MP: 4/4
   264 | D:1      | Reached XP level 2. HP: 15/15 MP: 4/6
   293 | D:1      | Reached skill level 6 in Conjurations
   381 | D:1      | Learned a level 2 spell: Searing Ray
   958 | D:2      | Reached XP level 3. HP: 19/19 MP: 5/7
  1058 | D:2      | Reached skill level 7 in Conjurations
  1058 | D:2      | Reached XP level 4. HP: 16/24 MP: 0/8
  2264 | D:2      | Gained mutation: Your magical nature lets you fly swiftly
                  | and evasively. [Tengu growth]
  2264 | D:2      | Reached XP level 5. HP: 12/28 MP: 6/9
  2436 | D:2      | Found a faded altar of an unknown god.
  2735 | D:3      | Reached skill level 8 in Conjurations
  3241 | D:4      | Learned a level 4 spell: Fulminant Prism
  3246 | D:4      | Noticed Eustachio
  3683 | D:4      | Reached XP level 6. HP: 18/32 MP: 8/11
  4649 | D:5      | Entered Level 5 of the Dungeon
  4659 | D:5      | Found Metex's Book Shop.
  4664 | D:5      | Reached skill level 1 in Maces & Flails
  4696 | D:5      | Found a stormy altar of Qazlal.
  4697 | D:5      | Found a hide-covered altar of Uskayaw.
  4698 | D:5      | Found a snail-covered altar of Cheibriados.
  4698 | D:5      | Found an iron altar of Okawaru.
  4712 | D:5      | Found Balot's Armour Shop.
  4762 | D:5      | Found Simn's Assorted Antiques.
  4781 | D:5      | Found a staircase to the Ecumenical Temple.
  4790 | D:5      | Reached skill level 1 in Hexes
  4807 | Temple   | Entered the Ecumenical Temple
  5103 | Temple   | Became a worshipper of Makhleb the Destroyer
  5170 | D:5      | Reached skill level 9 in Conjurations
  5170 | D:5      | Reached XP level 7. HP: 22/36 MP: 8/12
  5179 | D:5      | Slain by a hornet zombie

Illustrated notes

Levels and vault maps discovered:
D:1:      amcnicky_arrival_double_pillar, layout_basic
D:2:      layout_basic, shapermc_ecumenical_altar_venn
D:3:      layout_basic
D:4:      layout_layer_cave, uniq_eustachio
D:5:      layout_loops_cross, chequers_temple_overflow_statue_of_worship,
          minmay_temple_entry_statues_fountains, serial_shops,
          nicolae_inconvenience_store, nicolae_square_shop,
          nicolae_shop_advertising_works [nicolae_subvault_shop_adworks], shop,
          shop, uniq_menkaure
Temple:   eino_temple_rhombus

Skill      XL: |  1  2  3  4  5  6 |
---------------+-------------------+-----
Conjurations   | 6 7 8 9 |  9.0
Spellcasting   | 3 |  3.2
Maces & Flails | 1 |  1.4
Dodging        | 3 |  3.2
Hexes          | 1 |  1.1
Stealth        | |  2.0

Action                   |  1- 3 |  4- 6 |  7- 9 || total
-------------------------+-------+-------+-------++-------
Melee: Unarmed           |     2 |     5 |       ||     7
       Peck              |     1 |    12 |       ||    13
       Kick              |     1 |    11 |       ||    12
       Short sword       |       |    24 |       ||    24
       Whip              |       |    19 |       ||    19
 Cast: Magic Dart        |    40 |    79 |       ||   119
       Searing Ray       |     1 |    18 |     1 ||    20
  Use: Potion            |       |       |     1 ||     1
 Stab: Sleeping          |       |     1 |       ||     1
Armor: Robe              |     1 |     6 |       ||     7
       Leather armour    |       |     4 |       ||     4
Dodge: Dodged            |    14 |    47 |     7 ||    68
